 Dungeon Crawl Stone Soup version 0.17-a0-1939-ga475588 (webtiles) character file.

4232 Appriser the Transmogrifier (level 10, 0/71 HPs)
             Began as a Green Draconian Transmuter on Sept 29, 2015.
             Was a Priest of Qazlal.
             Slain by a skeletal warrior
             ... wielding a +0 morningstar
              (21 damage)
             ... on level 10 of the Dungeon.
             The game lasted 00:33:42 (8272 turns).

Appriser the Transmogrifier (DrTm)                  Turns: 8272, Time: 00:33:42

Health: 0/71       AC:  9    Str: 13    XL:     10   Next: 9%
Magic:  8/16       EV: 12    Int: 17    God:    Qazlal [***...]
Gold:   566        SH:  4    Dex: 15    Spells: 4 memorised, 3 levels left

rFire  + . .     SeeInvis .       - Unarmed
rCold  . . .     Clarity  .     (armour unavailable)
rNeg   . . .     SustAt   .     (shield currently unavailable)
rPois  +         Gourm    .     (helmet restricted)
rElec  .         Spirit   .     u - +0 cloak
rCorr  .         Warding  .     (gloves currently unavailable)
rMut   .         Stasis   .     m - +0 pair of boots
MR     .....                    (no amulet)
Stlth  +.........               x - ring of protection from fire
                                n - +4 ring of dexterity

@: about to teleport, blade hands (expiring), very slightly contaminated, not
resistant to hostile enchantments, very unstealthy
A: breathe noxious fumes, unfitting armour, poison resistance, cold-blooded, AC
+7
a: Breathe Noxious Fumes, End Transformation, Upheaval, Elemental Force,
Renounce Religion


You were on level 10 of the Dungeon.
You worshipped Qazlal.
Qazlal was most pleased with you.
You were not hungry.
You had blades for hands.
You visited 2 branches of the dungeon, and saw 11 of its levels.

You collected 566 gold pieces.

Inventory:

Missiles
 a - 156 arrows
Armour
 m - a +0 pair of boots (worn)
 u - a +0 cloak (worn)
Rods
 J - a +0 rod of shadows (14/14)
   (You found it on level 8 of the Dungeon)
Jewellery
 n - a +4 ring of dexterity (left scythe-like blade)
 v - an uncursed ring of invisibility
 x - a ring of protection from fire (right scythe-like blade)
 I - the amulet "Otel" {Inacc +Fly MR+ SInv}
   (You found it on level 8 of the Dungeon)

   [amulet of inaccuracy]

   It reduces the accuracy of all your attacks.
   It affects your resistance to hostile enchantments.
   It lets you see invisible.
   It lets you fly.
Magical devices
 k - a wand of frost (29)
 p - a wand of heal wounds (4)
 z - a wand of lightning (4)
 C - a wand of digging (11)
Scrolls
 e - a scroll of amnesia
 g - 3 scrolls of magic mapping
 w - 2 scrolls of remove curse
 y - a scroll of immolation {unknown}
 E - a scroll of random uselessness {unknown}
 G - a scroll of torment {unknown}
 H - a scroll of fear {unknown}
Potions
 h - 2 potions of lignification
 i - a potion of cure mutation
 j - a potion of flight
 o - a potion of brilliance
 q - a potion of haste
 r - a potion of might
 A - a potion of curing
 B - 2 potions of resistance
 D - 3 potions of agility {unknown}
 M - a potion of heal wounds {unknown}
Books
 b - a book of Changes

   Spells                             Type                      Level
   a - Beastly Appendage              Transmutation                1
   b - Sticks to Snakes               Transmutation                2
   c - Spider Form                    Transmutation/Poison         3
   d - Ice Form                       Ice/Transmutation            4
   e - Blade Hands                    Transmutation                5
 l - a book of Cantrips

   Spells                             Type                      Level
   a - Corona                         Hexes                        1
   b - Animate Skeleton               Necromancy                   1
   c - Summon Small Mammal            Summoning                    1
   d - Apportation                    Translocation                1
 s - a Grand Grimoire

   Spells                             Type                      Level
   a - Monstrous Menagerie            Summoning                    6
   b - Summon Greater Demon           Summoning                    7
   c - Malign Gateway                 Summoning/Translocation      7
   d - Summon Horrible Things         Summoning                    8
 L - a book of Fire

   Spells                             Type                      Level
   a - Ignite Poison                  Fire/Transmutation/Poison    3
   b - Fireball                       Conjuration/Fire             5
   c - Bolt of Fire                   Conjuration/Fire             6
   d - Delayed Fireball               Conjuration/Fire             7
   e - Ring of Flames                 Charms/Fire                  7
Comestibles
 c - 10 bread rations
 d - 2 slices of pizza
 f - 7 meat rations
 t - 2 royal jellies
 K - a chunk of flesh


   Skills:
 - Level 1.1 Fighting
 - Level 1.7 Dodging
 - Level 10.1 Unarmed Combat
 - Level 4.0 Spellcasting
 + Level 10.4 Transmutations


You had 3 spell levels left.
You knew the following spells:

 Your Spells              Type           Power        Failure   Level  Hunger
b - Sticks to Snakes      Trmt           #####.....   12%         2    ##.....
c - Spider Form           Trmt/Pois      ###.......   41%         3    ###....
d - Blade Hands           Trmt           #####.....   45%         5    ######.
e - Ice Form              Ice/Trmt       ###.....     63%         4    ####...


Dungeon Overview and Level Annotations

Branches:
Dungeon (10/15)            Temple (1/1) D:4
   Lair: D:8-11         Orc: D:9-12

Altars:
Ashenzari
Cheibriados
Dithmenos
Elyvilon
Fedhas
Gozag
Kikubaaqudgha
Makhleb
Nemelex Xobeh
Okawaru
Qazlal
Ru
Sif Muna
Trog
Vehumet
Xom
Yredelemnul
Zin
The Shining One

Shops:
D:5 (   D:9 }

Annotations:
D:3 Sigmund
D:4 exclusion: oklob sapling


Innate Abilities, Weirdness & Mutations

You can breathe blasts of noxious fumes.
Your lurid green scales are hard (AC +7).
Your body does not fit into most forms of armour.
Your system is resistant to poisons.
You are cold-blooded and may be slowed by cold attacks.


Message History

Confirm with . or Enter, or press ? or * to list all spells.
You miscast Blade Hands.
You are very lightly contaminated with residual magic.
The air around you crackles with energy!
The skeletal warrior hits you with a morningstar!
Casting: Blade Hands
Confirm with . or Enter, or press ? or * to list all spells.
Your hands turn into razor-sharp scythe blades.
The skeletal warrior misses you.
You hit the skeletal warrior but do no damage.
You slash the skeletal warrior!
The skeletal warrior is lightly damaged.
Your transformation is almost over.
The skeletal warrior hits you with a morningstar!!
* * * LOW HITPOINT WARNING * * *
Read which item? (? for menu, Esc to quit)
As you read the scroll of teleportation, it crumbles to dust.
You feel strangely unstable.
The skeletal warrior hits you with a morningstar!!
You die...

..§.......#
#.......######.#
<....z....# #.......#
.#
..........#####.......#
..
..........##..........#
##.
.............##.......#
..
..........#####..§....#
.. ..........#
##.###### ..
########.## #z# #.# #@#
#.# #..# #.# ##.# ..#
+#


You could see a skeletal warrior.

Vanquished Creatures
  The ghost of 4thArraOfDagon the Unhurried, an experienced CeAr of Cheibriados (D:8)
  Maurice (D:8)
  Edmund (D:6)
  Duvessa (D:4)
  2 phantoms
  A sky beast (D:6)
  An ice beast (D:6)
  A black bear (D:8)
  An orc warrior (D:9)
  5 ogres
  3 big kobolds
  3 centaurs
  Dowan (D:4)
  A wyvern zombie (D:6)
  2 giant frogs (D:6)
  6 killer bees (D:8)
  2 scorpions
  A crimson imp (D:8)
  A quasit (D:8)
  A hound (D:8)
  2 giant frog skeletons
  2 giant frog zombies
  4 jellies
  Crazy Yiuf (D:3)
  4 orc priests
  Ijyb (D:3)
  4 orc wizards
  Terence (D:3)
  5 worker ants
  2 iguanas
  A killer bee zombie (D:7)
  A hound skeleton (D:5)
  A hound zombie (D:9)
  A gnoll (D:1)
  A worker ant zombie (D:5)
  8 adders
  2 shadow imps
  An ooze (D:1)
  An adder skeleton (D:6)
  An adder zombie (D:8)
  4 worms
  5 giant geckos
  27 orcs
  7 giant cockroaches
  3 hobgoblins
  7 jackals
  3 ball pythons
  10 bats
  4 giant newts
  7 goblins
  A jackal skeleton (D:5)
  19 kobolds
  5 quokkas
  A quokka skeleton (D:6)
  A quokka zombie (D:5)
  4 rats
  A plant (D:4)
189 creatures vanquished.

Vanquished Creatures (collateral kills)
  Grinder (D:4)
  An ice beast (D:6)
  A worker ant (D:4)
  An adder (D:2)
4 creatures vanquished.

Grand Total: 193 creatures vanquished

Notes
Turn   | Place    | Note
--------------------------------------------------------------
     0 | D:1      | Appriser the Draconian Transmuter began the quest for the Orb.
     0 | D:1      | Reached XP level 1. HP: 16/16 MP: 3/3
    53 | D:1      | Reached XP level 2. HP: 14/23 MP: 3/5
   114 | D:1      | Learned a level 2 spell: Sticks to Snakes
   268 | D:1      | Reached XP level 3. HP: 18/28 MP: 6/6
   273 | D:1      | Learned a level 3 spell: Spider Form
   776 | D:2      | Found a snail-covered altar of Cheibriados.
  1359 | D:2      | Reached XP level 4. HP: 35/35 MP: 4/8
  1426 | D:3      | Noticed Terence
  1439 | D:3      | Killed Terence
  1579 | D:3      | Noticed Ijyb
  1592 | D:3      | Killed Ijyb
  1592 | D:3      | Reached skill level 4 in Transmutations
  1592 | D:3      | Reached XP level 5. HP: 26/40 MP: 7/10
  1607 | D:3      | Noticed Sigmund
  2318 | D:3      | Noticed Crazy Yiuf
  2329 | D:3      | Killed Crazy Yiuf
  2605 | D:4      | Reached skill level 5 in Transmutations
  2605 | D:4      | Reached XP level 6. HP: 41/47 MP: 2/12
  2689 | D:4      | Found a staircase to the Ecumenical Temple.
  2789 | Temple   | Entered the Ecumenical Temple
  2941 | Temple   | Became a worshipper of Qazlal Stormbringer
  3110 | D:4      | Noticed Duvessa
  3110 | D:4      | Noticed Dowan
  3151 | D:4      | Killed Duvessa
  3186 | D:4      | Killed Dowan
  3489 | D:4      | Noticed Grinder
  3492 | D:4      | Paralysed by Grinder for 3 turns
  3499 | D:4      | Paralysed by Grinder for 7 turns
  3512 | D:4      | Killed Grinder
  3512 | D:4      | Reached skill level 5 in Unarmed Combat
  3512 | D:4      | Your scales start taking on a lurid green colour.
  3512 | D:4      | Gained mutation: Your system is resistant to poisons. [Green Draconian growth]
  3512 | D:4      | Reached XP level 7. HP: 45/52 MP: 8/13
  3686 | D:4      | Found a shadowy altar of Dithmenos.
  3986 | D:5      | Entered Level 5 of the Dungeon
  4055 | D:5      | Reached skill level 6 in Unarmed Combat
  4298 | D:5      | Found Reodu's Antique Weapon Boutique.
  4316 | D:5      | Found a basalt altar of Yredelemnul.
  4714 | D:5      | Reached skill level 7 in Unarmed Combat
  4809 | D:5      | Acquired Qazlal's first power
  4960 | D:6      | Noticed Edmund
  4979 | D:6      | Killed Edmund
  4979 | D:6      | Reached XP level 8. HP: 46/59 MP: 12/14
  4995 | D:6      | Reached skill level 8 in Unarmed Combat
  5176 | D:6      | Reached skill level 9 in Unarmed Combat
  5308 | D:6      | Learned a level 5 spell: Blade Hands
  5313 | D:6      | Learned a level 4 spell: Ice Form
  5503 | D:6      | Found a deep blue altar of Sif Muna.
  5630 | D:6      | Reached skill level 10 in Unarmed Combat
  5783 | D:7      | Found a burning altar of Makhleb.
  5972 | D:7      | Noticed an angel
  5974 | D:7      | Found a shimmering altar of Xom.
  5976 | D:7      | Found a glowing silver altar of Zin.
  6312 | D:8      | Reached XP level 9. HP: 64/64 MP: 15/15
  6584 | D:8      | Acquired Qazlal's second power
  6682 | D:8      | Got a heavily runed amethyst amulet
  6687 | D:8      | Noticed 4thArraOfDagon's ghost (experienced CeAr)
  6833 | D:8      | Killed 4thArraOfDagon's ghost
  6968 | D:8      | Noticed Maurice
  7046 | D:8      | Killed Maurice
  7144 | D:8      | Identified a +0 rod of shadows (14/14) (You found it on level 8 of the Dungeon)
  7146 | D:8      | Identified the amulet "Otel" {Inacc +Fly MR+ SInv} (You found it on level 8 of the Dungeon)
  7637 | D:9      | Found a blossoming altar of Fedhas.
  7702 | D:9      | Reached skill level 10 in Transmutations
  7753 | D:9      | Found a glowing golden altar of the Shining One.
  7753 | D:9      | Found a shattered altar of Ashenzari.
  7754 | D:9      | Found a bloodstained altar of Trog.
  7857 | D:9      | Reached XP level 10. HP: 57/71 MP: 12/16
  7862 | D:9      | Acquired Qazlal's third power
  7886 | D:9      | Found Ihosiboh's Gadget Shop.
  8004 | D:10     | Entered Level 10 of the Dungeon
  8061 | D:10     | Noticed a skeletal warrior
  8253 | D:10     | Noticed a skeletal warrior
  8272 | D:10     | Slain by a skeletal warrior

Vault maps used:
D:1:      mrwooster_arrival_statue_2
D:2:      cheibriados_altar_1
D:3:      first_bread, uniq_terence, uniq_iyjb, uniq_crazy_yiuf_cottage,
          uniq_sigmund
D:4:      overflow_temple_1_default, minmay_temple_entry_oklob, uniq_duvessa,
          uniq_grinder
D:5:      nicolae_overflow_hidden_temple, serial_shops, shop
D:6:      lemuel_blue_sif_altar, minmay_unpleasant_kobolds, uniq_edmund
D:7:      grunt_temple_overflow_order_and_chaos_1, overflow_temple_1_default
D:8:      uniq_maurice
D:9:      overflow_temple_1_default, gammafunk_temple_overflow_claw,
          serial_shops, shop
D:10:     erik_lair_island
Temple:   jpeg_temple_alley_garden_8

Action                   |  1- 3 |  4- 6 |  7- 9 | 10-12 || total
-------------------------+-------+-------+-------+-------++-------
Melee: Unarmed           |   104 |   232 |   327 |    24 ||   687
 Cast: Beastly Appendage |    27 |    13 |       |       ||    40
       Spider Form       |     3 |    12 |    33 |     1 ||    49
       Sticks to Snakes  |     2 |     7 |    26 |       ||    35
       Blade Hands       |       |       |     3 |     2 ||     5
 Abil: End Transformatio |     1 |     7 |    18 |     2 ||    28
       Breathe Noxious F |       |       |    15 |     1 ||    16
Evoke: Wand              |       |     1 |       |       ||     1
  Use: Scroll            |       |     7 |    11 |     6 ||    24
       Potion            |       |     1 |       |       ||     1
 Stab: Sleeping          |     1 |     1 |       |       ||     2
       Confused          |       |       |    10 |     1 ||    11
  Eat: Chunk             |     2 |     8 |    20 |     3 ||    33
       Pizza             |       |     1 |       |       ||     1
       Fruit             |       |       |     1 |       ||     1
       Beef jerky        |       |       |     1 |       ||     1
